 Dungeon Crawl Stone Soup version 0.29.1-4-g47bece8355 (webtiles) character file.

Game seed: 6478740763380611846

133 MacCMillion the Insei (level 5, 0/33 HPs)
             Began as an Octopode Transmuter on Dec 9, 2022.
             Killed by nerve-wracking pain
             ... invoked by Jessica
              (9 damage)
             ... on level 2 of the Dungeon.
             The game lasted 00:06:12 (3069 turns).

MacCMillion the Insei (Octopode Transmuter)         Turns: 3069, Time: 00:06:13

Health: 0/33       AC:  1    Str:  9    XL:     5   Next: 16%
Magic:  8/8        EV: 13    Int: 18    God:
Gold:   129        SH:  0    Dex: 12    Spells: 7/8 levels left

rFire   + . .      SeeInvis .     - Unarmed
rCold   . . .      Faith    .   (no shield)
rNeg    . . .      Spirit   .   (helmet restricted)
rPois   .          Reflect  .   (no amulet)
rElec   .          Harm     .   f - ring of protection from fire
rCorr   .          Rampage  .   (no ring)
Will    .....                   (no ring)
Stlth   ++........              (no ring)
HPRegen 0.11/turn               (no ring)
MPRegen 0.11/turn               (no ring)
                                (no ring)
                                (no ring)

@: no status effects
A: almost no armour, amphibious, 8 rings, camouflage 1, gelatinous body 1,
(nimble swimmer 1), tentacles
a: no special abilities


You were on level 2 of the Dungeon.
You visited 1 branch of the dungeon, and saw 2 of its levels.

You collected 129 gold pieces.

Inventory:

Missiles
 g - 2 poisoned darts
Jewellery
 f - a ring of protection from fire (left tentacle)
 j - a ring of protection from fire
Scrolls
 b - 4 scrolls of identify
 c - 2 scrolls of blinking
 d - a scroll of magic mapping
 e - a scroll of torment {unknown}
 i - 3 scrolls of teleportation {unknown}
Potions
 a - 2 potions of lignification
 h - a potion of brilliance
 k - a potion of flight
 l - a potion of might


   Skills:
 - Level 1.0 Fighting
 - Level 2.0 Dodging
 + Level 4.2 Unarmed Combat
 - Level 2.0 Spellcasting
 + Level 3.5 Transmutations
 + Level 1.9 Ice Magic


You had 7 spell levels left.
You knew the following spells:

 Your Spells              Type           Power      Damage    Failure   Level
a - Beastly Appendage     Tmut           28%        N/A       4%          1

Your spell library contained the following spells:

 Spells                   Type           Power      Damage    Failure   Level
 Wereblood                Tmut           14%        N/A       6%          2
 Summon Small Mammal      Summ           4%         N/A       19%         1
 Spider Form              Tmut/Pois      8%         N/A       26%         3
 Call Canine Familiar     Summ           1%         N/A       47%         3
 Summon Guardian Golem    Hex/Summ       1%         N/A       47%         3
 Ice Form                 Ice/Tmut       11%        N/A       50%         4


Dungeon Overview and Level Annotations

Branches:
Dungeon (2/15)

Altars:

Annotations:
D:2 1 runed translucent door, Jessica


Innate Abilities, Weirdness & Mutations

You cannot wear most types of armour.
You are amphibious.
You can wear up to eight rings at the same time.
Your skin changes colour to match your surroundings (Stealth+).
Your rubbery body absorbs attacks. (AC +1, EV +1)
((You are camouflaged when in or above water. (Stealth+)))
You have tentacles for arms and can constrict up to eight enemies at once.


Message History

Your tentacle spike misses the kobold.
The kobold is heavily wounded.
You tentacle-slap the kobold.
You kill the kobold!
No target in view!
Your transformation is almost over.
A frilled lizard comes into view.
Your tentacle spike disappears.
The helpless frilled lizard fails to defend itself.
You tentacle-slap the frilled lizard.
You kill the frilled lizard!
Search for what [? for help]? throw You see here 2 poisoned darts.
g - 2 poisoned darts
Found a stone staircase leading up.
Found a hammer.
Found an escape hatch in the ceiling.
You now have 129 gold pieces (gained 15).
Found a leather armour.
You see here a +0 leather armour.
You see here a +0 hammer.
Jessica the Apprentice Sorceress comes into view.
She is wielding a +1 dagger of flaming.
Found a hammer.
Found a runed translucent door.
Jessica shouts!
Jessica gestures at you while chanting. Pain shoots through your body!
You see here a +0 hammer.
Jessica gestures wildly while chanting.
Jessica blinks!
Jessica shouts, "You are a ghastly nuisance!"
Jessica misses you.
Jessica points at you and mumbles some strange words.
Pain shoots through your body!
Jessica points at you and mumbles some strange words.
Pain shoots through your body!
* * * LOW HITPOINT WARNING * * *
There is a stone staircase leading up here.
Jessica gestures at you while chanting. Pain shoots through your body!
You die...

##.####..##......##.###.#.
#.........................
######.####..##.##.#.##.###.#.
##P.......................##.#.
###PP....#.###..........##.###.#.
.#.P....##.# #...#...............
#.#)P...##.###...####.###........
#######..#.##...................#
#......@..@..........##..##
#######.##.##....###...........#.
......#.##.##+#............##..#.
.......................>#..##....
.................####.#)#..##..#.
#.#>#.#.#........# #.#.#......#.
.................# #.......#.##.
###.#.#.#........######.#..##....
....#.#.#........#...............


You could see Jessica.

Vanquished Creatures
  Natasha (twice) (D:2)
  2 adders (D:2)
  3 worms (D:2)
  7 bats
  2 endoplasms
  A giant cockroach (D:1)
  6 goblins
  5 hobgoblins
  3 jackals (D:2)
  8 kobolds
  2 quokkas
  5 ball pythons
  2 frilled lizards
  2 rats
50 creatures vanquished.

Vanquished Creatures (others)
  2 plants (D:2)
2 creatures vanquished.

Grand Total: 52 creatures vanquished

Notes
Turn   | Place    | Note
-------+----------+-------------------------------------------
     0 | D:1      | MacCMillion the Octopode Transmuter began the quest for the
                  | Orb.
     0 | D:1      | Reached XP level 1. HP: 13/13 MP: 3/3
   376 | D:1      | Reached XP level 2. HP: 18/18 MP: 5/5
  1029 | D:1      | Reached XP level 3. HP: 23/23 MP: 4/6
  1616 | D:2      | Reached skill level 1 in Ice Magic
  1756 | D:2      | Reached XP level 4. HP: 28/28 MP: 5/7
  2027 | D:2      | Noticed Natasha
  2036 | D:2      | Killed Natasha
  2037 | D:2      | Reached skill level 4 in Unarmed Combat
  2162 | D:2      | Found a faded altar of an unknown god.
  2363 | D:2      | Noticed Natasha
  2371 | D:2      | Killed Natasha
  2372 | D:2      | Reached XP level 5. HP: 15/33 MP: 6/8
  3053 | D:2      | Found a runed translucent door.
  3053 | D:2      | Noticed Jessica
  3069 | D:2      | Killed from afar by Jessica

Illustrated notes

Levels and vault maps discovered:
D:1:      dpeg_arrival_three_bigger_balls, layout_rooms
D:2:      layout_basic, chequers_ecumenical_altar_lobes, nicolae_titane,
          uniq_natasha, uniq_crazy_yiuf_cottage, uniq_jessica

Skill      XL: |  1  2  3  4 |
---------------+-------------+-----
Transmutations | 3 |  3.5
Ice Magic      | 1 |  1.9
Unarmed Combat | 4 |  4.2
Fighting       | |  1.0
Dodging        | |  2.0
Spellcasting   | |  2.0

Action                   |  1- 3 |  4- 6 || total
-------------------------+-------+-------++-------
Melee: Unarmed           |    72 |    41 ||   113
       Constrict         |    20 |    10 ||    30
       Kick              |    18 |    16 ||    34
       Tentacles         |    12 |     8 ||    20
       Punch             |       |     1 ||     1
 Cast: Beastly Appendage |    26 |    11 ||    37
  Use: Scroll            |     4 |     2 ||     6
 Stab: Sleeping          |     5 |     2 ||     7
Armor: Skin              |     5 |     1 ||     6
Dodge: Dodged            |    40 |    18 ||    58
